 Dungeon Crawl Stone Soup version 0.26-a0-663-g36e8fdb655 (webtiles) character file.

Game seed: 69216404025956787

7 jasper the Chopper (level 1, 20/20 HPs)
             Began as a Palentonga Berserker on Oct 12, 2020.
             Was a Follower of Trog.
             Quit the game on level 1 of the Dungeon.
             The game lasted 00:01:14 (102 turns).

jasper the Chopper (Palentonga Berserker)            Turns: 102, Time: 00:01:14

Health: 20/20      AC:  4    Str: 20    XL:     1   Next: 83%
Magic:  1/1        EV: 10    Int:  7    God:    Trog [*.....]
Gold:   9          SH:  0    Dex:  9    Spells: 0/0 levels left

rFire    . . .     SeeInvis +   a - +0 hand axe
rCold    . . .     Faith    .   (no shield)
rNeg     . . .     Spirit   .   b - +0 animal skin
rPois    .         Reflect  .   (no helmet)
rElec    .         Harm     .   (no cloak)
rCorr    .         Rampage  .   (no gloves)
MR       .....                  (no barding)
Stlth    +.........             (no amulet)
HPRegen  0.06/turn              (no ring)
MPRegen  0.07/turn              (no ring)

@: no status effects
A: large, rugged brown scales 3, see invisible, deformed body, roll, armoured
tail
a: Rolling Charge, Berserk, Renounce Religion


You were on level 1 of the Dungeon.
You worshipped Trog.
Trog was aware of your devotion.
You visited 1 branch of the dungeon, and saw 1 of its levels.

You collected 9 gold pieces.

Inventory:

Hand Weapons
 a - a +0 hand axe (weapon)
Missiles
 d - 5 silver javelins (quivered)
Armour
 b - a +0 animal skin (worn)
Potions
 c - a potion of stabbing {unknown}


   Skills:
 + Level 3.1 Fighting
 * Level 3.2 Axes
 + Level 1.7 Armour
 + Level 1.7 Dodging


You couldn't memorise any spells.
You didn't know any spells.
Your spell library was empty.

Dungeon Overview and Level Annotations

Branches:
Dungeon (1/15)

Altars:


Innate Abilities, Weirdness & Mutations

You are completely covered in rugged brown scales. (AC +3, +7% HP)
You have supernaturally acute eyesight. (SInv)
Armour fits poorly on your strangely shaped body.
You can roll at foes to attack.
You have a long armoured tail.


Message History

You kill the bat!
Trog accepts your kill.
Roll where?
Press: ? - help, Dir - move target cursor, f - rat
Aim: a rat You roll forward with a clatter of scales!
You slash the rat!
You kill the rat!
Trog accepts your kill.
HP restored.
Things that are here:
a +0 dagger; a goblin corpse; Health restored: 20
c - a smoky green potion
There is a stone staircase leading down here.
Found 5 silver javelins.
Found a stone staircase leading down.
You see here 5 silver javelins.
d - 5 silver javelins
Found a spear.
Are you sure you want to abandon this character and quit the game? (Confirm with "yes".)

..##.##..# #.#..
#.##.##..###..>.
#.##.....#...... .#
##...#....#...)..
...####.##.#..#.#†.....
#.....................
#.>^...........#......
..###................)
#@##..#...†.###...
.)......................
........................
........................
##..###............##...
#..# #............##...
#.# #............#####
#. ##############


There were no monsters in sight!

Vanquished Creatures
  A dart slug (D:1)
  A bat (D:1)
  A goblin (D:1)
  2 rats (D:1)
5 creatures vanquished.

Notes
Turn   | Place    | Note
-------+----------+-------------------------------------------
     0 | D:1      | jasper the Palentonga Berserker began the quest for the
                  | Orb.
     0 | D:1      | Reached XP level 1. HP: 20/20 MP: 1/1
   102 | D:1      | Quit the game

Illustrated notes

Levels and vault maps discovered:
D:1:      dpeg_arrival_orchard, layout_rooms, serial_corexii_hall,
          corexii_hall_statues_x, chequers_hall_statues_wall_a

Action                   || total
-------------------------++-------
Melee: Hand axe          ||     5
       Tailslap          ||     1
 Abil: Rolling Charge    ||     5

Table legend: (Time is in decaauts)
 A = Elapsed time spent in this place.
 B = Non-inter-level travel time spent in this place.
 C = Inter-level travel time spent in this place.
 D = Time resting spent in this place.
 E = Time spent auto-exploring this place.
 F = Levels seen in this place.
 G = Mean time per level.
                   A        B        C        D        E       F      G
               +--------+--------+--------+--------+--------+-----+--------+
         Total |    102 |    102 |      0 |      0 |     86 |   1 |  102.0 |
       Dungeon |    102 |    102 |      0 |      0 |     86 |   1 |  102.0 |
               +--------+--------+--------+--------+--------+-----+--------+

Top non-repeatable levels by time:
     D:1: 102 daAuts
